 Dungeon Crawl Stone Soup version 0.30-a0-451-ge042605de7 (webtiles) character file.

Game seed: 4343603638800053141

130 McMuffin the Covered (level 4, -6/35 HPs)
             Began as a Demonspawn Fighter on Dec 11, 2022.
             Succumbed to AigisTheKnight's ghost's poison
             ... on level 3 of the Dungeon.
             The game lasted 00:09:37 (2005 turns).

McMuffin the Covered (Demonspawn Fighter)           Turns: 2005, Time: 00:09:38

Health: -6/35      AC:  7    Str: 18    XL:     4   Next: 89%
Magic:  4/4        EV:  9    Int: 10    God:
Gold:   206        SH:  5    Dex: 14    Spells: 3/3 levels left

rFire   . . .      SeeInvis .    a - +0 war axe
rCold   . . .      Faith    .    c - +0 buckler
rNeg    + . .      Spirit   .    b - +0 scale mail
rPois   .          Reflect  .    (no helmet)
rElec   .          Harm     .    (no cloak)
rCorr   .          Rampage  .    (no gloves)
Will    .....                    (no boots)
Stlth   +.........               (no amulet)
HPRegen 0.25/turn                o - ring of positive energy
MPRegen 0.09/turn                (no ring)

@: lethally poisoned (-6 -> -36)
A: thin skeletal structure 1, powered by pain 1
a: no special abilities


You were on level 3 of the Dungeon.
You visited 1 branch of the dungeon, and saw 3 of its levels.

You collected 206 gold pieces.

Inventory:

Hand Weapons
 a - a +0 war axe (weapon)
 n - a +0 lajatang
Missiles
 l - 3 poisoned darts (quivered)
 r - 5 javelins
Armour
 b - a +0 scale mail (worn)
 c - a +0 buckler (worn)
Jewellery
 o - a ring of positive energy (left hand)
Scrolls
 e - 2 scrolls of identify {unknown}
 g - a scroll of noise {unknown}
 h - 3 scrolls of fog {unknown}
 i - 2 scrolls of amnesia {unknown}
 k - 4 scrolls of teleportation {unknown}
 p - a scroll of enchant armour {unknown}
Potions
 d - a potion of might
 f - a potion of cancellation {unknown}
 j - 2 potions of invisibility {unknown}
 m - a potion of curing {unknown}
 q - a potion of lignification {unknown}
 s - a potion of degeneration {unknown}


   Skills:
 + Level 3.5 Fighting
 + Level 2.8 Axes
 + Level 0.7 Throwing
 + Level 3.7 Armour
 + Level 0.5 Dodging
 + Level 3.0 Shields


You had 3 spell levels left.
You didn't know any spells.
Your spell library was empty.

Dungeon Overview and Level Annotations

Branches:
Dungeon (3/15)

Altars:
Yredelemnul

Annotations:
D:3 AigisTheKnight's ghost, amateur TeFE


Innate Abilities, Weirdness & Mutations

You have a somewhat thin skeletal structure. (Dex +2, Stealth+)
You sometimes gain a little power by taking damage.


Message History

AigisTheKnight's ghost hits you but does no damage.
You are lethally poisoned!
You block the centaur skeleton's attack.
The centaur skeleton misses you. The wyvern zombie closely misses you.
You slash the wyvern zombie!
The wyvern zombie is moderately damaged.
You hit the goblin. You miss AigisTheKnight's ghost.
You hit the centaur skeleton.
You feel very sick.
The centaur skeleton closely misses you.
You block the centaur skeleton's attack.
The wyvern zombie barely misses you. AigisTheKnight's ghost hits you.
* * * LOW HITPOINT WARNING * * *
The goblin hits you but does no damage.
You block the centaur skeleton's attack.
The centaur skeleton kicks you but does no damage.
The wyvern zombie barely misses you.
You hit the wyvern zombie.
The wyvern zombie is heavily damaged.
You slash the centaur skeleton! You hit the goblin.
You hit AigisTheKnight's ghost.
* * * LOW HITPOINT WARNING * * *
You feel very sick.
AigisTheKnight's ghost hits you but does no damage.
You are more poisoned.
The goblin closely misses you.
The centaur skeleton hits you but does no damage.
You block the centaur skeleton's attack.
The wyvern zombie bites you.
* * * LOW HITPOINT WARNING * * *
AigisTheKnight's ghost hits you.
* * * LOW HITPOINT WARNING * * *
You are more poisoned.
The goblin hits you with a +0 dagger.
* * * LOW HITPOINT WARNING * * *
You slash the wyvern zombie!
The wyvern zombie is severely damaged.
You barely miss the goblin. You barely miss AigisTheKnight's ghost.
You hit the centaur skeleton.
You die...

##..†## ... ##
##...###.# .###
#.......#
...###..#...#######
#.................
#..###...........#
#######).###....)......#
#...))†.)).....g.......#
..####.#.###....@......#
## ##..#....###WZZ######
#..##....#.......#
####.###....##.....##
.....# #)...#.......#
..####......##..?!.##
>......######..#.#..#
...#####....#########
..##.....###.###


You could see AigisTheKnight's ghost, a wyvern zombie, a goblin and a centaur
skeleton.

Vanquished Creatures
  Robin (D:3)
  A gnoll (D:1)
  An adder (D:2)
  2 worms (D:2)
  2 dart slugs
  8 orcs (D:3)
  2 ball pythons
  7 endoplasms
  A giant cockroach (D:1)
  15 goblins
  8 hobgoblins
  4 jackals
  7 kobolds
  4 quokkas
  6 bats
  A frilled lizard (D:1)
  8 rats
78 creatures vanquished.

Notes
Turn   | Place    | Note
-------+----------+-------------------------------------------
     0 | D:1      | McMuffin the Demonspawn Fighter began the quest for the
                  | Orb.
     0 | D:1      | Reached XP level 1. HP: 18/18 MP: 1/1
   122 | D:1      | Gained mutation: You have a somewhat thin skeletal
                  | structure. (Dex +2, Stealth+) [demonic ancestry]
   122 | D:1      | Reached XP level 2. HP: 24/24 MP: 2/2
   257 | D:1      | Gained mutation: You sometimes gain a little power by
                  | taking damage. [demonic ancestry]
   257 | D:1      | Reached XP level 3. HP: 8/29 MP: 3/3
   590 | D:1      | Found a basalt altar of Yredelemnul.
  1339 | D:2      | Reached XP level 4. HP: 31/35 MP: 4/4
  1834 | D:3      | Noticed Robin
  1854 | D:3      | Killed Robin
  1865 | D:3      | Found a runed translucent gate.
  1866 | D:3      | Found a runed translucent gate.
  1868 | D:3      | Found a runed translucent gate.
  1869 | D:3      | Noticed AigisTheKnight's ghost (amateur TeFE)
  2005 | D:3      | Succumbed to AigisTheKnight's ghost's poison

Illustrated notes

Levels and vault maps discovered:
D:1:      dpeg_arrival_water_altar, layout_rooms, minmay_misc_feat_more_columns
D:2:      layout_loops_corners, minmay_fountain_box
D:3:      layout_rooms, gammafunk_ghost_necromancy, uniq_robin

Skill      XL: |  1  2  3 |
---------------+----------+-----
Axes           | 2 |  2.8
Armour         | 3 |  3.7
Shields        | 3 |  3.0
Fighting       | |  3.5
Throwing       | |  0.7
Dodging        | |  0.5

Action                   |  1- 3 |  4- 6 || total
-------------------------+-------+-------++-------
Melee: War axe           |   105 |    60 ||   165
Throw: Dart              |    11 |     3 ||    14
       Javelin           |    12 |    25 ||    37
Armor: Scale mail        |    66 |    45 ||   111
Dodge: Dodged            |    69 |    45 ||   114
Block: Buckler           |    33 |    20 ||    53

Table legend: (Time is in decaauts)
 A = Elapsed time spent in this place.
 B = Non-inter-level travel time spent in this place.
 C = Inter-level travel time spent in this place.
 D = Time resting spent in this place.
 E = Time spent auto-exploring this place.
 F = Levels seen in this place.
 G = Mean time per level.
                   A        B        C        D        E       F      G
               +--------+--------+--------+--------+--------+-----+--------+
         Total |   2097 |   2097 |      0 |     78 |   1115 |   3 |  699.0 |
       Dungeon |   2097 |   2097 |      0 |     78 |   1115 |   3 |  699.0 |
               +--------+--------+--------+--------+--------+-----+--------+

Top non-repeatable levels by time:
     D:2: 1083 daAuts
     D:1: 654 daAuts
     D:3: 359 daAuts
